 Dungeon Crawl Stone Soup version 0.27.1-3-gb3d3a73c9e (console) character file.

Game seed: 2417339318759209686

221 Banquo the Skirmisher (level 6, -2/49 HPs)
             Began as a Djinni Hunter on Oct 10, 2021.
             Slain by a gnoll (3 damage)
             ... on level 4 of the Dungeon.
             The game lasted 00:12:12 (5637 turns).

Banquo the Skirmisher (Djinni Hunter)               Turns: 5637, Time: 00:12:12

Health: -2/49      AC:  5    Str: 11    XL:     6   Next: 19%
Gold:   136        EV: 12    Int: 14    God:
                   SH:  0    Dex: 14

rFire    + + .     SeeInvis .   a - +2 dagger (venom)
rCold    x . .     Faith    .   (no shield)
rNeg     . . .     Spirit   .   c - +0 leather armour
rPois    ∞         Reflect  .   (no helmet)
rElec    .         Harm     .   l - +0 cloak
rCorr    .         Rampage  .   g - +0 pair of gloves
Will     +....                  (boots unavailable)
Stlth    +.........             (no amulet)
HPRegen  0.16/turn              r - ring of willpower
MPRegen  0.00/turn              (no ring)

@: flying
A: sickness immunity, fire resistance 2, cold vulnerability 1, float, innate
caster, hp casting, extra vitality 1
a: no special abilities


You were on level 4 of the Dungeon.
You visited 1 branch of the dungeon, and saw 4 of its levels.

You collected 136 gold pieces.

Inventory:

Hand Weapons
 a - a +2 dagger of venom (weapon)
 b - a +0 short sword
 m - a +1 hand crossbow
Missiles
 d - 48 bolts
 h - 25 poisoned darts (quivered)
 j - 90 stones
 n - 5 atropa-tipped darts
Armour
 c - a +0 leather armour (worn)
 g - a +0 pair of gloves (worn)
 l - a +0 cloak (worn)
Jewellery
 r - a ring of willpower (left hand)
Scrolls
 f - 2 scrolls of enchant armour {unknown}
 i - 2 scrolls of identify {unknown}
 k - 2 scrolls of amnesia {unknown}
 q - a scroll of holy word {unknown}
Potions
 e - a potion of invisibility {unknown}
 o - a potion of attraction {unknown}
 p - a potion of curing {unknown}


   Skills:
 * Level 5.0 Fighting
 - Level 3.2 Crossbows
 - Level 2.1 Dodging
 - Level 0.7 Stealth
 * Level 2.2 Spellcasting


You had 6 spell levels left.
You knew the following spells:

 Your Spells              Type           Power      Damage    Failure   Level
a - Apportation           Tloc           14%        N/A       12%         1
b - Wereblood             Tmut           7%         N/A       19%         2
Your spell library was empty.

Dungeon Overview and Level Annotations

Branches:
Dungeon (4/15)
 Temple: D:4-7

Altars:

Shops:
D:3 !


Innate Abilities, Weirdness & Mutations

You are immune to sickness and miasma.
You are immune to poison.
Your flesh is very heat resistant. (rF++)
You are vulnerable to cold. (rC-)
You float through the air rather than walking.
You learn spells naturally, not from books.
Your magical power is your life essence.
You have superior vitality. (+4 HP)


Message History

The gnoll misses you.
You closely miss the gnoll. The gnoll closely misses you.
You hit the gnoll.
The gnoll is poisoned.
The gnoll is lightly wounded.
The gnoll hits you but does no damage.
You hit the gnoll but do no damage.
The gnoll looks as sick as possible!
The gnoll is heavily wounded.
The gnoll barely misses you.
You closely miss the gnoll.
The gnoll is heavily wounded.
The gnoll hits you with a +0 spear.
You hit the gnoll.
The gnoll looks as sick as possible!
The gnoll is almost dead.
You kill the gnoll!
The gnoll hits you with a +0 spear.
Things that are here:
a +0 spear; a scroll labelled GEOXICS SUNAV; a gnoll corpse You hit the gnoll but do no damage.
The gnoll is poisoned.
The gnoll barely misses you.
You hit the gnoll.
The gnoll looks as sick as possible!
The gnoll is lightly wounded.
The gnoll misses you.
You hit the gnoll.
The gnoll looks as sick as possible!
The gnoll is heavily wounded.
The gnoll hits you with a +0 spear.
You hit the gnoll.
The gnoll looks as sick as possible!
The gnoll is almost dead.
The gnoll hits you with a +0 spear.
* * * LOW HITPOINT WARNING * * *
You kill the gnoll!
Your Fighting skill increases to level 5!
The gnoll shouts!
The gnoll hits you with a +0 flail!
* * * LOW HITPOINT WARNING * * *
Things that are here:
a +0 club; a +0 hunting sling; 14 stones The gnoll hits you with a +0 flail.
* * * LOW HITPOINT WARNING * * *
The gnoll hits you with a +0 flail.
You die...

.# #.....# #.# #..#### #
######.### #.# #..##.###
.....K.# #.# #..#...##
######## #.# #.......# .
#.######...<.)# .#
#.##........... ...
#.##.###......# .##
#######.##.# #......#
#).g@).....# #.##....
#.####..#### #.##.###
######.# ##.# #.##>#
#......# ##.# #.##.#
...≈≈≈........# ####.##.#
.≈≈.≈...≈.≈≈≈..##....†..#
≈≈≈≈≈≈≈≈≈≈≈≈≈...#.####..#
≈≈≈≈≈≈≈≈≈≈≈≈≈.P...## #).#
.g≈≈≈≈≈≈≈≈≈≈≈≈≈≈...###>.#


You could see a gnoll.

Vanquished Creatures
  2 iguanas (D:4)
  2 gnolls (D:4)
  6 adders
  An adder skeleton (D:4)
  4 worms
  2 dart slugs
  An orc (D:3)
  11 bats
  5 endoplasms
  3 giant cockroaches
  7 goblins
  9 hobgoblins
  3 jackals (D:4)
  8 kobolds
  2 quokkas
  7 ball pythons
  4 frilled lizards
  6 rats (D:1)
83 creatures vanquished.

Vanquished Creatures (others)
  14 plants (D:4)
14 creatures vanquished.

Grand Total: 97 creatures vanquished

Notes
Turn   | Place    | Note
-------+----------+-------------------------------------------
     0 | D:1      | Banquo the Djinni Hunter began the quest for the Orb.
     0 | D:1      | Reached XP level 1. HP: 18/18 MP: 0/0
    12 | D:1      | Found a faded altar of an unknown god.
   145 | D:1      | Reached XP level 2. HP: 23/23 MP: 0/0
   402 | D:1      | Reached skill level 1 in Spellcasting
   721 | D:1      | Reached XP level 3. HP: 28/29 MP: 0/0
   721 | D:1      | Learned a level 1 spell: Apportation
  1769 | D:1      | Reached skill level 3 in Fighting
  2266 | D:2      | Reached XP level 4. HP: 33/35 MP: 0/0
  2786 | D:2      | You are sucked into a shaft and drop 2 floors!
  2882 | D:3      | Found Wots's Distillery.
  3958 | D:3      | Reached XP level 5. HP: 41/41 MP: 0/0
  3958 | D:3      | Learned a level 2 spell: Wereblood
  4117 | D:3      | Reached skill level 4 in Fighting
  4317 | D:3      | Found Wots's Distillery.
  5503 | D:4      | Reached XP level 6. HP: 48/48 MP: 0/0
  5633 | D:4      | Reached skill level 5 in Fighting
  5635 | D:4      | HP: 1/49 [gnoll (6)]
  5637 | D:4      | Slain by a gnoll

Illustrated notes

Levels and vault maps discovered:
D:1:      minmay_arrival_diagonal_passages, layout_basic,
          hellmonk_ecumenical_altar_crossroads, minmay_misc_feat_four_crosses,
          st_stairs_14
D:2:      layout_basic, grunt_ministairs_15
D:3:      wander_river, layout_loops_ring, serial_shops, shop,
          grunt_ministairs_3, amcnicky_mini_pool_small
D:4:      layout_loops_ring, chequers_big_river, palyth_stone_intersect,
          minmay_misc_feat_cross

Skill      XL: |  1  2  3  4  5  6 |
---------------+-------------------+-----
Spellcasting   | 1 2 |  2.2
Fighting       | 3 4 5 |  5.0
Crossbows      | |  3.2
Dodging        | |  2.1
Stealth        | |  0.7

Action                   |  1- 3 |  4- 6 || total
-------------------------+-------+-------++-------
Melee: Short sword       |   138 |    71 ||   209
       Dagger            |       |   118 ||   118
 Fire: Hand crossbow     |     8 |       ||     8
 Stab: Sleeping          |     1 |     4 ||     5
Armor: Leather armour    |    33 |    43 ||    76
Dodge: Dodged            |    66 |   117 ||   183
